 Dungeon Crawl Stone Soup version 0.31-a0-325-g067879e3d3 (webtiles) character file.

Game seed: 1374421137444266060

137 Dittersdorf the Shield-Bearer (level 5, 0/33 HPs)
             Began as a Gargoyle Fighter on July 18, 2023.
             Slain by a gnoll
             ... wielding a +0 flail
              (4 damage)
             ... on level 3 of the Dungeon.
             The game lasted 00:03:04 (2086 turns).

Dittersdorf the Shield-Bearer (Gargoyle Fighter)    Turns: 2086, Time: 00:03:05

Health: 0/33       AC: 14    Str: 21    XL:     5   Next: 20%
Magic:  5/5        EV:  8    Int:  9    God:
Gold:   247        SH:  4    Dex:  9    Spells: 4/4 levels left

rFire   + . .        f - +0 flail (holy)
rCold   . . .        c - +0 buckler
rNeg    + + .        q - +0 chain mail
rPois   ∞            k - +0 helmet
rElec   +            (no cloak)
rCorr   .            (no gloves)
SInv    .            (no boots)
Will    .....        (no amulet) Stlth
                     i - ring of positive energy
HPRegen 0.25/turn    j - ring of protection from fire
MPRegen 0.09/turn

%: no passive effects
@: no status effects
A: sickness immunity, AC +4, negative energy resistance 1, electricity
resistance, torment resistance 1, petrification resistance
a: no special abilities


You were on level 3 of the Dungeon.
You visited 1 branch of the dungeon, and saw 4 of its levels.

You collected 247 gold pieces.

Inventory:

Hand Weapons
 f - a +0 flail of holy wrath (weapon)
Armour
 c - a +0 buckler (worn)
 k - a +0 helmet (worn)
 q - a +0 chain mail (worn)
Jewellery
 i - a ring of positive energy (left hand)
 j - a ring of protection from fire (right hand)
Scrolls
 b - a scroll of torment {unknown}
 e - 3 scrolls of teleportation
 g - a scroll of enchant weapon {unknown}
 r - a scroll of amnesia {unknown}
 s - a scroll of revelation {unknown}
Potions
 d - a potion of might
 h - a potion of attraction {unknown}
 l - a potion of curing {unknown}
 m - a potion of brilliance
 o - a potion of enlightenment


   Skills:
 + Level 4.2 Fighting
 + Level 3.0 Maces & Flails
 + Level 4.2 Armour
 + Level 4.3 Shields


You had 4 spell levels left.
You didn't know any spells.
Your spell library contained the following spells:

 Spells                   Type           Power      Damage    Failure   Level
 Freeze                   Ice            0%         1d3       98%         1
 Frozen Ramparts          Ice            0%         1d1       100%        3
 Hailstorm                Conj/Ice       0%         3d3       100%        3


Dungeon Overview and Level Annotations

Branches:
Dungeon (4/15)
 Temple: D:4-7

Altars:
Kikubaaqudgha


Innate Abilities, Weirdness & Mutations

You are immune to sickness and miasma.
Your stone body is resilient. (AC +4)
You are immune to poison.
You resist negative energy. (rN+)
You are resistant to electric shocks. (rElec)
You are resistant to unholy torment.
You are immune to petrification.


Message History

You are too injured to fight recklessly!
You are too injured to fight recklessly!
You are too injured to fight recklessly!
You are too injured to fight recklessly!
You are too injured to fight recklessly!
You are too injured to fight recklessly!
You are too injured to fight recklessly!
You are too injured to fight recklessly!
You are too injured to fight recklessly!
You are too injured to fight recklessly!
You are too injured to fight recklessly!
You are too injured to fight recklessly!
You are too injured to fight recklessly!
You are too injured to fight recklessly!
You are too injured to fight recklessly!
You are too injured to fight recklessly!
You are too injured to fight recklessly!
You are too injured to fight recklessly!
You are too injured to fight recklessly!
You are too injured to fight recklessly!
The gnoll attacks as you move away! The gnoll hits you with a +0 flail.
The gnoll attacks as you move away! The gnoll hits you with a +0 flail.
The gnoll attacks as you move away! The gnoll barely misses you.
The gnoll attacks as you move away! The gnoll hits you with a +0 flail!
* * * LOW HITPOINT WARNING * * *
The gnoll attacks as you move away! The gnoll barely misses you.
The gnoll attacks as you move away! The gnoll hits you with a +0 flail.
* * * LOW HITPOINT WARNING * * *
There is a stone staircase leading up here.
Things that are here:
a potion of degeneration; 2 potions of lignification The gnoll closely misses you.
The gnoll hits you from afar with a +0 spear.
* * * LOW HITPOINT WARNING * * *
You climb upwards.
There is a stone staircase leading down here.
You sock the gnoll!
The gnoll is almost dead.
The gnoll hits you with a +0 flail.
You die...

....# #.#........# ###.#
#.#[...##### ###
###.##############......## #.)
...................##....######.#
###.#############..##...........#
....# #........##.##### #####
#######.#.###.###.## #...###
#.....g......###...# ≈~~~≈≈#
#.##.#@.#.#### #)..#
#...#######.##.#..#[# #...# #
##.#........##....#[# #...# #
#..........##.#.##.######.).####
###...........#.##.#............
#....................>........
####..........#)....#.<..........
.##........#.###..#.######...####
..............#...#.# #...# #


You could see a gnoll.

Vanquished Creatures
  An orc wizard (D:3)
  Robin (D:1)
  5 adders
  An ufetubus (D:4)
  A worm (D:3)
  4 orcs (D:3)
  4 endoplasms
  14 goblins
  3 hobgoblins
  2 quokkas (D:1)
  3 ball pythons
  3 bats
  5 kobolds
47 creatures vanquished.

Notes
Turn   | Place    | Note
-------+----------+-------------------------------------------
     0 | D:1      | Dittersdorf the Gargoyle Fighter began the quest for the
                  | Orb.
     0 | D:1      | Reached XP level 1. HP: 14/14 MP: 1/1
   125 | D:1      | Reached XP level 2. HP: 18/19 MP: 2/2
   561 | D:2      | Noticed Robin
   593 | D:2      | Reached XP level 3. HP: 11/23 MP: 3/3
   602 | D:1      | Killed Robin
   865 | D:2      | Reached XP level 4. HP: 17/29 MP: 4/4
  1276 | D:3      | Found an ancient bone altar of Kikubaaqudgha.
  1695 | D:3      | Reached XP level 5. HP: 33/33 MP: 5/5
  2086 | D:3      | Slain by a gnoll

Illustrated notes

Levels and vault maps discovered:
D:1:      denvon_arrival_waterhouse, layout_rooms
D:2:      layout_basic, uniq_robin
D:3:      layout_loops_cross, amcnicky_altar_gilded,
          chequers_serial_rivers_micro_a, nicolae_elevator_lobby_asterisk
D:4:      layout_basic, minmay_stone_trees_large, uniq_edmund, uniq_ijyb

Skill      XL: |  1  2  3  4  5 |
---------------+----------------+-----
Shields        | 4 |  4.3
Fighting       | 4 |  4.2
Armour         | 4 |  4.2
Maces & Flails | 3 |  3.0

Action                     |  1- 3 |  4- 6 || total
---------------------------+-------+-------++-------
  Melee: Flail             |   100 |    82 ||   182
    Use: Scroll            |       |     5 ||     5
 Armour: Scale mail        |    74 |    29 ||   103
         Chain mail        |       |    22 ||    22
  Dodge: Dodged            |    73 |    34 ||   107
  Block: Buckler           |    30 |    12 ||    42

Table legend: (Time is in decaauts)
 A = Elapsed time spent in this place.
 B = Non-inter-level travel time spent in this place.
 C = Inter-level travel time spent in this place.
 D = Time resting spent in this place.
 E = Time spent auto-exploring this place.
 F = Levels seen in this place.
 G = Mean time per level.
                   A        B        C        D        E       F      G
               +--------+--------+--------+--------+--------+-----+--------+
         Total |   2142 |   2042 |    100 |     74 |   1496 |   4 |  535.5 |
       Dungeon |   2142 |   2042 |    100 |     74 |   1496 |   4 |  535.5 |
               +--------+--------+--------+--------+--------+-----+--------+

Top non-repeatable levels by time:
     D:3: 878 daAuts
     D:1: 587 daAuts
     D:2: 570 daAuts
     D:4: 105 daAuts
